 Dungeon Crawl Stone Soup version 0.28.0-56-g4927b6849a (webtiles) character file.

Game seed: 9588111402465812389

520 Chiseanne the Skirmisher (level 7, -8/61 HPs)
             Began as a Demonspawn Wanderer on Jan 28, 2023.
             Mangled by a two-headed ogre
             ... wielding a +0 giant club
              (20 damage)
             ... on level 5 of the Dungeon.
             The game lasted 00:10:13 (5868 turns).

Chiseanne the Skirmisher (Demonspawn Wanderer)      Turns: 5868, Time: 00:10:14

Health: -8/61      AC: 10    Str: 15    XL:     7   Next: 1%
Magic:  7/7        EV: 10    Int: 12    God:
Gold:   175        SH:  0    Dex: 13    Spells: 6/6 levels left

rFire   + . .      SeeInvis .   a - +2 spear (venom)
rCold   . . .      Faith    .   (no shield)
rNeg    . . .      Spirit   .   m - +0 scale mail
rPois   .          Reflect  .   e - +2 helmet
rElec   .          Harm     .   (no cloak)
rCorr   .          Rampage  .   (no gloves)
Will    .....                   (no boots)
Stlth   ..........              (no amulet)
HPRegen 0.20/turn               r - ring of protection from fire
MPRegen 0.10/turn               (no ring)

@: invisible
A: hooves 2, powered by pain 1, weakness stinger 1
a: no special abilities


You were on level 5 of the Dungeon.
You visited 1 branch of the dungeon, and saw 5 of its levels.

You collected 175 gold pieces.

Inventory:

Hand Weapons
 a - a +2 spear of venom (weapon)
 b - a +0 shortbow
Missiles
 c - 63 arrows
 h - 76 bolts
 k - 5 poisoned darts (quivered)
 l - 63 sling bullets
Armour
 e - a +2 helmet (worn)
 m - a +0 scale mail (worn)
Magical Staves
 q - a staff of death
Jewellery
 r - a ring of protection from fire (left hand)
 u - a ring of ice
Scrolls
 n - a scroll of blinking
Potions
 d - a potion of mutation {unknown}
 f - 2 potions of cancellation
 g - a potion of lignification
 i - a potion of ambrosia
 j - 2 potions of curing
 p - 2 potions of flight
 t - a potion of degeneration {unknown}
 v - a potion of haste {unknown}
 w - a potion of brilliance {unknown}


   Skills:
 * Level 7.7 Fighting
 - Level 2.6 Polearms
 - Level 1.0 Bows
 * Level 3.3 Armour
 * Level 2.1 Dodging


You had 6 spell levels left.
You didn't know any spells.
Your spell library contained the following spells:

 Spells                   Type           Power      Damage    Failure   Level
 Corpse Rot               Necr/Air       0%         N/A       88%         2
 Poisonous Vapours        Pois/Air       0%         N/A       88%         2


Dungeon Overview and Level Annotations

Branches:
Dungeon (5/15)
 Temple: D:4-7

Altars:
Cheibriados
Fedhas


Innate Abilities, Weirdness & Mutations

You have hoof-like feet.
You sometimes gain a little power by taking damage.
You have a small tail.


Message History

You hit the iguana but do no damage.
The iguana is poisoned.
The iguana bites you but does no damage.
You puncture the iguana!
The iguana looks as sick as possible!
You kick the iguana.
The iguana is heavily wounded.
Reach: a) +2 spear (venom)
Press: ? - help, Dir - move target, f - two-headed ogre
Aim: a two-headed ogre, wielding two +0 giant clubs (about 21% to evade your +2 spear of venom)
You reach to attack!
You hit the two-headed ogre.
The two-headed ogre is lightly wounded.
You kill the iguana!
You have reached level 7!
Your demonic ancestry asserts itself...
You grow a small tail.
You hit the two-headed ogre.
The two-headed ogre is poisoned.
The two-headed ogre is lightly wounded.
The two-headed ogre hits you with a +0 giant club.
The two-headed ogre hits you with a +0 giant club!
You fade into invisibility!
The two-headed ogre hits you but does no damage.
The two-headed ogre barely misses you.
You hit the two-headed ogre but do no damage.
The two-headed ogre looks as sick as possible!
You kick the two-headed ogre.
Your tail-slap misses the two-headed ogre.
The two-headed ogre is moderately wounded.
You hit the two-headed ogre.
The two-headed ogre looks as sick as possible!
You kick the two-headed ogre.
The two-headed ogre is moderately wounded.
The two-headed ogre hits you with a +0 giant club.
The two-headed ogre hits you with a +0 giant club!
You hit the two-headed ogre.
You kick the two-headed ogre, but do no damage.
You punch the two-headed ogre, but do no damage.
The two-headed ogre is heavily wounded.
The two-headed ogre hits you with a +0 giant club!
* * * LOW HITPOINT WARNING * * *
The two-headed ogre hits you with a +0 giant club!!
You die...

################
#######..............#
#.......#####.#.##.###
#.......# #.#.##.# ###
#.......# #.#.##.#
..###.......# #.#l##.#
....'.......# #.#.##.#
..###.......#####O#.##.#
### #l......#...@.#O##.#
#####.......#.#####.#..#
..........#.#.#####.#.##
.#######..#####.....####
.#.....(..##<.##...##.<#
.#.#......##..[#...#...#
...#..#....##.'#...#'.##
.#....###.#.###O....#####
.#......#.#.............#


You could see a two-headed ogre (extremely poisoned).

Vanquished Creatures
  Eustachio (D:4)
  A sky beast (D:5)
  A hound (D:4)
  3 iguanas
  A hound zombie (D:5)
  2 hound skeletons
  2 adders
  3 gnolls (D:4)
  An adder skeleton (D:4)
  2 worms
  An orc (D:5)
  3 ball pythons
  12 endoplasms
  4 giant cockroaches
  4 goblins
  8 hobgoblins
  8 jackals
  6 kobolds
  6 quokkas
  2 bats
  5 frilled lizards
  2 rats (D:1)
78 creatures vanquished.

Notes
Turn   | Place    | Note
-------+----------+-------------------------------------------
     0 | D:1      | Chiseanne the Demonspawn Wanderer began the quest for the
                  | Orb.
     0 | D:1      | Chiseanne set off with the following items: a +2 spear, a
                  | +0 shortbow, 23 arrows, a +0 helmet, a +0 leather armour
     0 | D:1      | Reached XP level 1. HP: 21/21 MP: 1/1
   430 | D:1      | Discovered your monstrous ancestry.
   430 | D:1      | Gained mutation: You have large cloven feet. [demonic
                  | ancestry]
   430 | D:1      | Reached XP level 2. HP: 27/27 MP: 2/2
  1353 | D:2      | Gained mutation: You have hoof-like feet. [demonic
                  | ancestry]
  1353 | D:2      | Reached XP level 3. HP: 32/34 MP: 3/3
  1455 | D:2      | Reached skill level 6 in Fighting
  1536 | D:2      | Found a faded altar of an unknown god.
  2179 | D:3      | Gained mutation: You sometimes gain a little power by
                  | taking damage. [demonic ancestry]
  2179 | D:3      | Reached XP level 4. HP: 40/40 MP: 4/4
  2403 | D:3      | Found a blossoming altar of Fedhas.
  2437 | D:3      | Reached skill level 1 in Armour
  3716 | D:4      | Reached XP level 5. HP: 47/47 MP: 5/5
  3864 | D:4      | Noticed Eustachio
  3874 | D:4      | Killed Eustachio
  3875 | D:4      | Reached skill level 7 in Fighting
  3875 | D:4      | Reached XP level 6. HP: 54/55 MP: 6/6
  3972 | D:4      | Found a snail-covered altar of Cheibriados.
  4378 | D:5      | Entered Level 5 of the Dungeon
  4413 | D:5      | Noticed a sky beast
  4430 | D:5      | Killed a sky beast
  4609 | D:5      | Noticed a two-headed ogre
  5862 | D:5      | Gained mutation: You have a small tail. [demonic ancestry]
  5862 | D:5      | Reached XP level 7. HP: 61/61 MP: 7/7
  5868 | D:5      | Mangled by a two-headed ogre

Illustrated notes

Levels and vault maps discovered:
D:1:      elethiomel_arrival_infinity_welcomes_careful_drivers, layout_basic
D:2:      layout_loops_ring, chequers_ecumenical_altar_simple_redux
D:3:      layout_basic, fedhas_altar_4
D:4:      layout_loops_cross, slow_altar_2, kennysheep_generic_room_12,
          uniq_eustachio
D:5:      lemuel_ratsnest, layout_basic, makhleb_grotto_becter,
          cheibrodos_sewer_entry_bend, grunt_ministairs_6

Skill      XL: |  1  2  3  4  5  6 |
---------------+-------------------+-----
Fighting       | 6 7 |  7.7
Armour         | 1 2 3 |  3.3
Dodging        | 2 |  2.1
Polearms       | |  2.6
Bows           | |  1.0

Action                   |  1- 3 |  4- 6 |  7- 9 || total
-------------------------+-------+-------+-------++-------
Melee: Spear             |    93 |   107 |     4 ||   204
       Kick              |    12 |    25 |     3 ||    40
       Punch             |     4 |       |     1 ||     5
Throw: Dart              |       |     1 |       ||     1
  Use: Scroll            |     6 |     3 |       ||     9
       Potion            |       |       |     1 ||     1
Armor: Leather armour    |    20 |       |       ||    20
       Scale mail        |     5 |    35 |     1 ||    41
Dodge: Dodged            |    42 |    30 |     1 ||    73
